 Dungeon Crawl Stone Soup version 0.31-a0-150-g89dc3ad700 (webtiles) character file.

Game seed: 298957576806082466

49 wub the Cudgeller (level 4, -5/40 HPs)
             Began as a Meteoran Cinder Acolyte on June 8, 2023.
             Was a High Priest of Ignis.
             Killed from afar by an orc wizard (8 damage)
             ... with a magic dart
             ... on level 3 of the Dungeon.
             The game lasted 00:04:06 (981 turns).

wub the Cudgeller (Meteoran Cinder Acolyte)          Turns: 981, Time: 00:04:06

Health: -5/40      AC:  3    Str: 18    XL:     4   Next: 20%
Magic:  8/8        EV: 10    Int: 15    God:    Ignis [*****.]
Gold:   69         SH:  2    Dex:  9    Spells: 7/7 levels left

rFire   + . .        a - -1 mace (flame)
rCold   . . .        k - +0 buckler
rNeg    . . .        b - +0 robe
rPois   .            i - +0 helmet
rElec   .            (no cloak)
rCorr   .            (no gloves)
SInv    .            (no boots)
Will    .....        (no amulet)
Stlth   +            (no ring)
HPRegen 0.26/turn    (no ring)
MPRegen 0.11/turn

%: no passive effects
@: glowing
A: sense surroundings 1, otherworldly, glowing, explore regen
a: Renounce Religion, Fiery Armour, Foxfire Swarm, Rising Flame


You were on level 3 of the Dungeon.
You worshipped Ignis.
Ignis was extremely pleased with you.
You visited 1 branch of the dungeon, and saw 3 of its levels.

You collected 69 gold pieces.

Inventory:

Hand Weapons
 a - a -1 mace of flaming (weapon)
Armour
 b - a +0 robe (worn)
 i - a +0 helmet (worn)
 k - a +0 buckler (worn)
Jewellery
 d - an amulet of regeneration
Scrolls
 c - a scroll of noise {unknown}
 f - a scroll of acquirement {unknown}
Potions
 e - a potion of ambrosia {unknown}
 g - a potion of cancellation {unknown}
 h - 2 potions of lignification {unknown}
 j - 2 potions of attraction {unknown}
 l - a potion of resistance {unknown}


   Skills:
 + Level 3.8 Fighting
 + Level 4.6 Maces & Flails
 + Level 2.3 Spellcasting
 + Level 4.1 Fire Magic


You had 7 spell levels left.
You didn't know any spells.
Your spell library contained the following spells:

 Spells                   Type           Power      Damage    Failure   Level
 Scorch                   Fire           28%        2d6       8%          2


Dungeon Overview and Level Annotations

Branches:
Dungeon (3/15) Zot: 798

Altars:


Innate Abilities, Weirdness & Mutations

You passively map a small area around you.
You are easily found by Zot.
You glow in the dark.
You regain HP and MP as you explore.


Message History

You are too injured to fight recklessly!
You are too injured to fight recklessly!
You are too injured to fight recklessly!
You are too injured to fight recklessly!
You are too injured to fight recklessly!
You are too injured to fight recklessly!
You are too injured to fight recklessly!
You are too injured to fight recklessly!
You are too injured to fight recklessly!
You are too injured to fight recklessly!
You are too injured to fight recklessly!
You are too injured to fight recklessly!
You are too injured to fight recklessly!
You are too injured to fight recklessly!
You are too injured to fight recklessly!
You are too injured to fight recklessly!
You are too injured to fight recklessly!
You are too injured to fight recklessly!
You are too injured to fight recklessly!
You are too injured to fight recklessly!
You barely miss the orc. The orc hits you with a +0 flail.
The orc wizard hits you but does no damage.
The orc hits you with a +0 flail!
* * * LOW HITPOINT WARNING * * *
The orc misses you. The orc wizard casts a spell at you.
The puff of flame hits you. You resist.
* * * LOW HITPOINT WARNING * * *
The orc closely misses you. The orc hits you with a +0 flail.
* * * LOW HITPOINT WARNING * * *
The orc hits you with a +0 hand axe.
* * * LOW HITPOINT WARNING * * *
You barely miss the orc wizard. The orc wizard closely misses you.
The orc completely misses you. The orc barely misses you.
You block the orc's attack.
You hit the orc wizard. You burn the orc wizard.
The orc wizard is severely wounded.
The orc wizard points at you and mumbles some strange words.
The magic dart hits you!
You die...

.. #........
..#.#####........
.................
................#
*
................#
,
.................
*
.................
,
......o..<.......
, ,
#.#So@......... ,
, #..Joo#..$.....
................#
........#.$##.#.#
, ............
...# *
............#,...
............+ ..
....#.......# ,
*, *


You could see an orc wizard, an adder, 3 orcs and an endoplasm.

Vanquished Creatures
  2 worms (D:2)
  A dart slug (D:1)
  4 ball pythons
  3 bats
  4 endoplasms
  A giant cockroach (D:2)
  3 hobgoblins
  4 frilled lizards
  8 goblins
  3 kobolds (D:1)
  7 rats
40 creatures vanquished.

Notes
Turn   | Place    | Note
-------+----------+-------------------------------------------
     0 | D:1      | wub the Meteoran Cinder Acolyte began the quest for the
                  | Orb.
     0 | D:1      | Reached XP level 1. HP: 19/19 MP: 3/3
    67 | D:1      | Reached XP level 2. HP: 25/26 MP: 5/5
   213 | D:1      | Reached XP level 3. HP: 27/31 MP: 6/6
   214 | D:1      | Found a faded altar of an unknown god.
   489 | D:1      | Glimpsed the power of Zot.
   538 | D:1      | Glimpsed the power of Zot.
   578 | D:1      | Glimpsed the power of Zot.
   734 | D:2      | Reached XP level 4. HP: 40/40 MP: 8/8
   979 | D:3      | HP: 2/40 [orc/+0 hand axe (3)]
   981 | D:3      | Killed from afar by an orc wizard

Illustrated notes

Levels and vault maps discovered:
D:1:      evilmike_arrival_rings, layout_loops_ring,
          ebering_ecumenical_altar_hall
D:2:      layout_rooms, minmay_tetromino_l4
D:3:      layout_basic, mainiacjoe_overflow_alcove_4, minmay_fractal_squares_5

Skill      XL: |  1  2  3 |
---------------+----------+-----
Spellcasting   | 2 |  2.3
Fire Magic     | 4 |  4.1
Fighting       | |  3.8
Maces & Flails | |  4.6

Action                     |  1- 3 |  4- 6 || total
---------------------------+-------+-------++-------
  Melee: Mace              |    84 |    18 ||   102
         Punch             |     3 |     1 ||     4
 Armour: Robe              |    22 |     3 ||    25
  Dodge: Dodged            |    40 |    10 ||    50
  Block: Buckler           |       |     3 ||     3

Table legend: (Time is in decaauts)
 A = Elapsed time spent in this place.
 B = Non-inter-level travel time spent in this place.
 C = Inter-level travel time spent in this place.
 D = Time resting spent in this place.
 E = Time spent auto-exploring this place.
 F = Levels seen in this place.
 G = Mean time per level.
                   A        B        C        D        E       F      G
               +--------+--------+--------+--------+--------+-----+--------+
         Total |   1000 |    980 |     20 |      0 |    702 |   3 |  333.3 |
       Dungeon |   1000 |    980 |     20 |      0 |    702 |   3 |  333.3 |
               +--------+--------+--------+--------+--------+-----+--------+

Top non-repeatable levels by time:
     D:1: 597 daAuts
     D:2: 393 daAuts
     D:3: 9 daAuts
